 Dungeon Crawl Stone Soup version 0.20.1-1-g8b1a95d (webtiles) character file.

140 FollowTheCloud the Grave Robber (level 5, -8/39 HPs)
             Began as a Demonspawn Necromancer on Aug 31, 2017.
             Mangled by a gnoll (9 damage)
             ... on level 2 of the Dungeon.
             The game lasted 00:11:44 (3118 turns).

FollowTheCloud the Grave Robber (DsNe)              Turns: 3118, Time: 00:11:45

Health: -8/39      AC:  3    Str:  9    XL:     5   Next: 2%
Magic:  0/9        EV: 13    Int: 16    God:
Gold:   108        SH:  0    Dex: 14    Spells: 1/9 levels left

rFire    . . .     SeeInvis .   w - -2 club (curse)
rCold    . . .     Gourm    .   (no shield)
rNeg     . . .     Faith    .   a - +0 robe
rPois    .         Spirit   +   (helmet restricted)
rElec    .         Reflect  .   (no cloak)
rCorr    .         Harm     .   (no gloves)
MR       .....                  l - +0 pair of boots
Stlth    ++........             (no amulet)
Regen    0.2/turn               (no ring)
MPRegen  0.2/turn               (no ring)

@: no status effects
A: antennae 1, magic shield, rot immunity
a: no special abilities


You were on level 2 of the Dungeon.
You were not hungry.

You visited 1 branch of the dungeon, and saw 3 of its levels.

You collected 108 gold pieces.

Inventory:

Hand Weapons
 w - a cursed -2 club (weapon)
Missiles
 t - 7 stones (quivered)
 x - 2 tomahawks of returning
Armour
 a - a +0 robe (worn)
 l - a +0 pair of boots (worn)
Wands
 q - a wand of paralysis (17/24)
Scrolls
 d - 2 scrolls of amnesia {unknown}
 f - 2 scrolls of identify {unknown}
 h - 2 scrolls of teleportation {unknown}
 j - 2 scrolls of enchant weapon {unknown}
 m - a scroll of recharging {unknown}
 o - 2 scrolls of immolation {unknown}
 s - a scroll of fear {unknown}
 v - a scroll of blinking {unknown}
Potions
 e - a potion of experience {unknown}
 g - a potion of curing
 i - 2 potions of cancellation {unknown}
 k - a potion of agility {unknown}
 n - 2 potions of flight {unknown}
 p - a potion of berserk rage {unknown}
Books
 b - a book of Necromancy

   Spells                             Type                      Level
   a - Pain                           Necromancy                   1
   b - Animate Skeleton               Necromancy                   1
   c - Vampiric Draining              Necromancy                   3
   d - Regeneration                   Charms/Necromancy            3
   e - Animate Dead                   Necromancy                   4
   f - Control Undead                 Necromancy                   4
Comestibles
 c - 3 bread rations
 r - a royal jelly
 u - a meat ration


   Skills:
 + Level 2.7 Fighting
 + Level 2.6 Dodging
 - Level 1.7 Stealth
 + Level 2.7 Spellcasting
 + Level 5.0 Necromancy


You had one spell level left.
You knew the following spells:

 Your Spells              Type           Power        Failure   Level  Hunger
a - Pain                  Necr           ###.         2%          1    #......
b - Animate Skeleton      Necr           N/A          2%          1    #......
c - Vampiric Draining     Necr           ###.......   8%          3    ###....
d - Regeneration          Chrm/Necr      ##........   21%         3    ###....


Dungeon Overview and Level Annotations

Branches:
Dungeon (3/15)

Altars:
Elyvilon


Innate Abilities, Weirdness & Mutations

You have a pair of small antennae on your head.
When hurt, damage is shared between your health and your magic reserves.
You are immune to rotting.


Message History

* * * LOW HITPOINT WARNING * * *
You climb upwards.
There is a stone staircase leading down, spattered with blood here.
Unknown command.
Casting: Pain
Confirm with . or Enter, or press ? or * to list all spells.
Aiming: Pain
Press: ? - help, Shift-Dir - straight line, f - gnoll
Aim: a gnoll (fast, chance to defeat MR: 84%)
The gnoll writhes in agony!
The gnoll misses you. The gnoll hits you.
* * * LOW HITPOINT WARNING * * *
The gnoll misses you.
Casting: Pain
Confirm with . or Enter, or press ? or * to list all spells.
Aiming: Pain
Press: ? - help, Shift-Dir - straight line, f/p - gnoll
Aim: a gnoll (heavily wounded, fast, chance to defeat MR: 84%)
The gnoll writhes in agony!
The gnoll hits you!
You die...

######## #######
#####.....†########......
#.......@>.+.............
#.###....g.##.###........
#.###......##.# #........
#.##......###.# #........
#.##..........# #####....
#..........#### ######
#......(...#########.....
#..........+.............
#..........#########.....


You could see a gnoll.

Vanquished Creatures
  A gnoll (D:3)
  6 adders (D:2)
  An ooze (D:3)
  3 dart slugs
  5 leopard geckos
  An orc (D:3)
  4 bats
  3 giant cockroaches
  3 goblins
  10 hobgoblins
  4 jackals
  5 kobolds
  A quokka (D:3)
  A ball python (D:2)
  5 frilled lizards
  A leopard gecko zombie (D:3)
  7 rats
61 creatures vanquished.

Vanquished Creatures (collateral kills)
  A giant cockroach (D:2)
  A quokka (D:2)
2 creatures vanquished.

Vanquished Creatures (others)
  4 toadstools (D:1)
4 creatures vanquished.

Grand Total: 67 creatures vanquished

Notes
Turn   | Place    | Note
-------+----------+-------------------------------------------
     0 | D:1      | FollowTheCloud the Demonspawn Necromancer began the quest for the Orb.
     0 | D:1      | Reached XP level 1. HP: 13/13 MP: 3/3
   220 | D:1      | Reached skill level 1 in Fighting
   220 | D:1      | Gained mutation: You have a pair of small antennae on your head. [demonic ancestry]
   220 | D:1      | Reached XP level 2. HP: 10/21 MP: 0/5
  1199 | D:2      | Learned a level 1 spell: Animate Skeleton
  1217 | D:2      | Gained mutation: When hurt, damage is shared between your health and your magic reserves. [demonic ancestry]
  1217 | D:2      | Reached XP level 3. HP: 21/26 MP: 2/6
  1356 | D:2      | Found a white marble altar of Elyvilon.
  1785 | D:3      | Gained mutation: You are immune to rotting. [demonic ancestry]
  1785 | D:3      | Reached XP level 4. HP: 21/33 MP: 2/7
  2520 | D:2      | Learned a level 3 spell: Vampiric Draining
  2524 | D:2      | Learned a level 3 spell: Regeneration
  2976 | D:3      | Reached skill level 5 in Necromancy
  3087 | D:3      | Reached XP level 5. HP: 34/39 MP: 1/9
  3118 | D:2      | Mangled by a gnoll

Skill      XL: |  1  2  3  4 |
---------------+-------------+-----
Dodging        | 2 |  2.6
Fighting       | 1 2 |  2.7
Necromancy     | 5 |  5.0
Stealth        | |  1.7
Spellcasting   | |  2.7

Action                   |  1- 3 |  4- 6 || total
-------------------------+-------+-------++-------
Melee: Unarmed           |    18 |    22 ||    40
       Club              |       |     8 ||     8
 Cast: Pain              |    58 |    66 ||   124
       Animate Skeleton  |     5 |     7 ||    12
  Eat: Chunk             |     3 |     5 ||     8
Armor: Robe              |     4 |    19 ||    23
Dodge: Dodged            |    37 |    92 ||   129
